River Frogs vs Wolfes
Created - February 16, 2020 at 22:49
Goals
|
River Frogs |
3 |
1 |
0 |
4 |
Wolfes |
1 |
2 |
0 |
3 |
|
Shots
|
River Frogs |
15 |
8 |
9 |
32 |
Wolfes |
12 |
15 |
14 |
41 |
|
1st period
1. River Frogs , Matt Calvert 24 (Emerson Etem 30, Anthony Bitetto 30) at 1:30
2. Wolfes , Blake Pietila 26 (Martin Hanzal 29) at 11:38
3. River Frogs , Matt Calvert 25 (Christian Hanson 52, Emerson Etem 31) at 15:13 (PP)
4. River Frogs , Anthony Bitetto 6 (Christian Hanson 53, Matt Calvert 46) at 15:28
Penalties :
Thomas Spelling (RIM) for Tripping (Minor) at 15:02
2nd period
5. River Frogs , Matt Calvert 26 (Christian Hanson 54) at 2:38 (PP)
6. Wolfes , Joe Morrow 3 (Jeffrey Foss 13, Kyle Rau 17) at 16:23
7. Wolfes , Martin Hanzal 23 (Blake Pietila 28, Benn Ferriero 10) at 16:37
Penalties :
Michael Stone (RIM) for Tripping (Minor) at 2:36, Jeffrey Foss (RIM) for Roughing (Double Minor) at 11:55, Anthony Bitetto (Lou) for Roughing (Minor) at 17:15
3rd period
No Goal
Penalties :
Justin Florek (Lou) for Roughing (Minor) at 4:54, Aaron Ness (Lou) for Roughing (Minor) at 10:21, Zachary Sanford (RIM) for Roughing (Double Minor) at 15:34
Goalie Stats
Thomas Greiss (Lou), 38 saves from 41 shots - (0.927), W, 14-13-2, 60:00 minutes
Laurent Brossoit (RIM), 15 saves from 19 shots - (0.789), L, 20-13-3, 22:38 minutes
Jeremy Smith (RIM), 13 saves from 13 shots - (1.000), 37:22 minutes
Players Stats for River Frogs
Player Name G A P +/- PIM S H SB GA TA FO MP PP MP PK MP
------------------------------------------------------------------------------------
Aaron Ness 0 0 0 -1 2 0 2 0 0 1 0/0 19:08 2:54 2:12
Anthony Bitetto 1 1 2 0 2 4 3 3 1 2 0/0 28:09 3:59 2:10
Austin Watson 0 0 0 0 0 2 0 2 0 0 0/1 10:18 0:00 0:00
Beau Starrett 0 0 0 0 0 0 0 0 0 0 0/0 0:00 0:00 0:00
Christian Hanson 0 3 3 1 0 1 2 0 2 1 17/30 23:27 3:28 3:19
David Kolomatis 0 0 0 -1 0 3 2 0 1 0 0/0 19:42 2:54 2:35
Dillon Heatherington 0 0 0 0 0 0 1 0 0 1 0/0 13:07 1:18 1:35
Emerson Etem 0 2 2 1 0 2 3 0 1 0 1/1 20:58 3:25 1:29
Francis Perron 0 0 0 0 0 0 0 0 0 0 0/0 1:26 1:26 0:00
James Livingstone 0 0 0 -1 0 0 1 0 1 0 1/2 15:38 3:02 0:00
Jared Knight 0 0 0 0 0 2 0 0 0 0 5/6 10:48 0:12 0:17
Joakim Nordstrom 0 0 0 -1 0 2 2 0 0 0 0/0 7:32 0:26 0:49
Justin Florek 0 0 0 -1 2 3 0 0 0 0 0/0 15:38 3:02 0:00
Leon Draisaitl 0 0 0 -1 0 2 0 0 1 0 12/17 19:09 3:02 3:04
Mario Lucia 0 0 0 0 0 0 0 0 0 0 0/0 1:27 1:27 0:00
Matt Calvert 3 1 4 1 0 6 0 0 1 0 2/4 21:12 3:29 1:29
Maxim Mamin 0 0 0 0 0 0 0 0 0 0 0/0 1:27 0:00 1:27
Ondrej Kase 0 0 0 0 0 0 2 0 0 0 0/0 12:02 1:34 0:00
Richard Nejezchleb 0 0 0 -1 0 0 1 0 0 0 0/0 6:17 0:00 0:00
Ryan Fitzgerald 0 0 0 -1 0 1 1 0 0 0 0/1 6:17 0:00 0:00
Shane Sims 0 0 0 0 0 4 1 0 2 1 0/0 28:46 3:59 3:22
Shea Theodore 0 0 0 0 0 0 0 0 0 0 0/0 11:32 1:18 0:00
Players Stats for Wolfes
Player Name G A P +/- PIM S H SB GA TA FO MP PP MP PK MP
------------------------------------------------------------------------------------
Angelo Esposito 0 0 0 0 0 2 1 0 0 0 1/1 6:44 0:00 0:00
Anton Lindholm 0 0 0 0 0 0 0 1 0 0 0/0 6:46 0:00 0:06
Barclay Goodrow 0 0 0 0 0 0 1 0 0 0 0/0 9:05 0:06 0:00
Benn Ferriero 0 1 1 1 0 4 4 0 1 1 1/2 20:54 2:56 1:40
Blake Pietila 1 1 2 1 0 5 3 0 2 0 0/1 22:38 2:56 3:24
Jacob Lagacé 0 0 0 0 0 0 0 0 0 0 0/0 8:14 0:00 1:08
Jamie Oleksiak 0 0 0 1 0 0 0 2 0 2 0/0 19:17 3:01 3:17
Jeffrey Foss 0 1 1 0 4 5 1 0 1 1 0/0 22:24 2:56 2:01
Joe Morrow 1 0 1 1 0 2 0 0 0 2 0/0 18:47 3:01 2:47
Joonas Lyytinen 0 0 0 0 0 0 0 0 0 0 0/0 2:15 0:00 0:00
Jyrki Jokipakka 0 0 0 1 0 1 0 0 0 0 0/0 11:47 0:00 2:11
Klas Dahlbeck 0 0 0 1 0 0 1 0 0 0 0/0 11:17 0:00 2:03
Kyle Rau 0 1 1 0 0 4 2 2 0 0 4/13 17:39 2:38 1:35
Martin Hanzal 1 1 2 1 0 6 0 0 1 0 15/34 23:27 3:13 3:31
Matt Grzelcyk 0 0 0 0 0 0 0 1 0 0 0/0 4:03 0:00 0:00
Michael Stone 0 0 0 -1 2 2 0 0 0 2 0/0 24:05 2:56 4:11
Nicolas Deschamps 0 0 0 0 0 0 0 0 0 0 0/0 0:56 0:23 0:00
Pavel Kraskovsky 0 0 0 0 0 0 0 0 0 0 0/0 0:36 0:23 0:00
Scott Timmins 0 0 0 0 0 3 0 1 1 0 2/4 11:20 0:00 2:31
Sergei Plotnikov 0 0 0 0 0 1 3 0 0 0 0/0 17:04 2:38 1:20
Thomas Spelling 0 0 0 -1 2 4 1 0 0 1 1/4 15:34 2:38 0:00
Victor Olofsson 0 0 0 0 0 1 0 0 0 0 0/1 6:44 0:00 0:00
Zachary Sanford 0 0 0 0 4 1 1 1 0 1 0/2 10:09 0:00 0:59
3 Stars
1 - Matt Calvert (Lou)
2 - Christian Hanson (Lou)
3 - Blake Pietila (RIM)
Power Play
River Frogs - 2 on 6 Attempt(s) - 33.33%
Wolfes - 0 on 3 Attempt(s) - 0.00%
Penalty Kill
River Frogs - 3 on 3 Attempt(s) - 100.00%
- Score 0 goal in Penalty Kill
Wolfes - 4 on 6 Attempt(s) - 66.67%
- Score 0 goal in Penalty Kill
Team Stat
River Frogs - Hits : 21 - Faceoff Wins : 38 - Blocked Shots : 5 - Penalty Minutes : 6
Wolfes - Hits : 18 - Faceoff Wins : 24 - Blocked Shots : 8 - Penalty Minutes : 12
Official
Referees : Unknown
Linesman : Unknown
Game Notes
Matt Calvert has scored a Hat Trick!
Jeremy Smith enters game at 2:38 of 2nd period
Matt Grzelcyk is injured at 10:38 of 2nd period (Strained Left Knee)
Sergei Plotnikov is injured at 14:39 of 3rd period (Right Hand)
Finance
Level 1 -- Attendance: 1391 (69.55%) -- Ticket Income $55,640
Level 2 -- Attendance: 655 (65.50%) -- Ticket Income $13,100
Total Attendance: 2046 (68.20%)
Total Ticket Income: $68,740
Other Income: $3,437
Total Income: $72,177
River Frogs
5 vs 5 Forward
Center Left Wing Right Wing Time % Phy DF OF
1 Christian Hanson Matt Calvert Emerson Etem 40 1 2 2
2 Leon Draisaitl Justin Florek James Livingstone 30 1 2 2
3 Jared Knight Austin Watson Ondrej Kase 20 1 2 2
4 Ryan Fitzgerald Joakim Nordstrom Richard Nejezchleb 10 1 2 2
5 vs 5 Defense
Defense Defense Time % Phy DF OF
1 Anthony Bitetto Shane Sims 40 1 2 2
2 Aaron Ness David Kolomatis 30 1 2 2
3 Shea Theodore Dillon Heatherington 20 1 2 2
4 Anthony Bitetto Shane Sims 10 1 2 2
PowerPlay Forward
Center Left Wing Right Wing Time % Phy DF OF
1 Christian Hanson Matt Calvert Emerson Etem 60 1 2 2
2 Leon Draisaitl Justin Florek James Livingstone 40 1 2 2
PowerPlay Defense
Defense Defense Time % Phy DF OF
1 Anthony Bitetto Shane Sims 60 1 2 2
2 Aaron Ness David Kolomatis 40 1 2 2
Penalty Kill 4 Players Forward
Center Wing Time % Phy DF OF
1 Christian Hanson Leon Draisaitl 60 1 2 2
2 Emerson Etem Matt Calvert 40 1 2 2
Penalty Kill 4 Players Defense
Defense Defense Time % Phy DF OF
1 Anthony Bitetto Shane Sims 60 1 2 2
2 Aaron Ness David Kolomatis 40 1 2 2
Penalty Kill - 3 Players Forward
Forward Time % Phy DF OF
1 Christian Hanson 60 1 2 2
2 Leon Draisaitl 40 1 2 2
Penalty Kill - 3 Players Defense
Defense Defense Time % Phy DF OF
1 Anthony Bitetto Shane Sims 60 1 2 2
2 Aaron Ness David Kolomatis 40 1 2 2
4 vs 4 Forward
Center Wing Time % Phy DF OF
1 Christian Hanson Leon Draisaitl 60 1 2 2
2 Emerson Etem Matt Calvert 40 1 2 2
4 vs 4 Defense
Defense Defense Time % Phy DF OF
1 Anthony Bitetto Shane Sims 60 1 2 2
2 Aaron Ness David Kolomatis 40 1 2 2
Last Minutes Offensive
Center Left Wing Right Wing Defense Defense
Christian Hanson Matt Calvert Emerson Etem Anthony Bitetto Shane Sims
Last Minutes Defensive
Center Left Wing Right Wing Defense Defense
Christian Hanson Matt Calvert Emerson Etem Anthony Bitetto Shane Sims
Goaltenders
Starting : Thomas Greiss
Backup : Phoenix Copley
Extra Forwards
Normal : Mario Lucia, Francis Perron, Maxim Mamin - PP : Mario Lucia, Francis Perron - PK : Maxim Mamin
Extra Defensemen
Normal : Shea Theodore, Dillon Heatherington, Aaron Ness - PP : Shea Theodore - PK : Dillon Heatherington, Aaron Ness
Penalty Shots
Christian Hanson, Leon Draisaitl, Emerson Etem, Matt Calvert, Justin Florek
Scratches
Andrew Gordon (Healthy), Timothy Kunes (Healthy)
Wolfes
5 vs 5 Forward
Center Left Wing Right Wing Time % Phy DF OF
1 Martin Hanzal Blake Pietila Benn Ferriero 40 1 2 2
2 Kyle Rau Sergei Plotnikov Thomas Spelling 30 1 2 2
3 Scott Timmins Zachary Sanford Barclay Goodrow 20 1 2 2
4 Angelo Esposito Jacob Lagacé Victor Olofsson 10 1 2 2
5 vs 5 Defense
Defense Defense Time % Phy DF OF
1 Michael Stone Jeffrey Foss 40 1 2 2
2 Jamie Oleksiak Joe Morrow 30 1 2 2
3 Klas Dahlbeck Jyrki Jokipakka 20 1 2 2
4 Anton Lindholm Matt Grzelcyk 10 1 2 2
PowerPlay Forward
Center Left Wing Right Wing Time % Phy DF OF
1 Martin Hanzal Blake Pietila Benn Ferriero 60 1 2 2
2 Kyle Rau Sergei Plotnikov Thomas Spelling 40 1 2 2
PowerPlay Defense
Defense Defense Time % Phy DF OF
1 Michael Stone Jeffrey Foss 60 1 2 2
2 Jamie Oleksiak Joe Morrow 40 1 2 2
Penalty Kill 4 Players Forward
Center Wing Time % Phy DF OF
1 Martin Hanzal Blake Pietila 60 1 2 2
2 Benn Ferriero Sergei Plotnikov 40 1 2 2
Penalty Kill 4 Players Defense
Defense Defense Time % Phy DF OF
1 Michael Stone Jeffrey Foss 60 1 2 2
2 Jamie Oleksiak Joe Morrow 40 1 2 2
Penalty Kill - 3 Players Forward
Forward Time % Phy DF OF
1 Martin Hanzal 60 1 2 2
2 Blake Pietila 40 1 2 2
Penalty Kill - 3 Players Defense
Defense Defense Time % Phy DF OF
1 Michael Stone Jeffrey Foss 60 1 2 2
2 Jamie Oleksiak Joe Morrow 40 1 2 2
4 vs 4 Forward
Center Wing Time % Phy DF OF
1 Martin Hanzal Blake Pietila 60 1 2 2
2 Benn Ferriero Sergei Plotnikov 40 1 2 2
4 vs 4 Defense
Defense Defense Time % Phy DF OF
1 Michael Stone Jeffrey Foss 60 1 2 2
2 Jamie Oleksiak Joe Morrow 40 1 2 2
Last Minutes Offensive
Center Left Wing Right Wing Defense Defense
Martin Hanzal Blake Pietila Benn Ferriero Michael Stone Jeffrey Foss
Last Minutes Defensive
Center Left Wing Right Wing Defense Defense
Martin Hanzal Blake Pietila Benn Ferriero Michael Stone Jeffrey Foss
Goaltenders
Starting : Laurent Brossoit
Backup : Jeremy Smith
Extra Forwards
Normal : Nicolas Deschamps, Pavel Kraskovsky, Scott Timmins - PP : Nicolas Deschamps, Pavel Kraskovsky - PK : Scott Timmins
Extra Defensemen
Normal : Joonas Lyytinen, Klas Dahlbeck, Jyrki Jokipakka - PP : Joonas Lyytinen - PK : Klas Dahlbeck, Jyrki Jokipakka
Penalty Shots
Martin Hanzal, Blake Pietila, Benn Ferriero, Sergei Plotnikov, Kyle Rau
Scratches
Alexandre Grenier (Healthy), Christophe Lalancette (Healthy), Charles-Olivier Roussel (Healthy), Remi Elie (Healthy), Sean Monahan (Broken Bone (Left Foot) Injury)
Louis Belpedio (Healthy), Cameron Darcy (Healthy), Fredrik Olofsson (Healthy), Nolan Vesey (Healthy), Vaclav Karabacek (Healthy)
Kyle Pettit (Healthy), Dylan Sadowy (Healthy), Anton Karlsson (Healthy), Ebbe Siönäs (Healthy), Sami Aittokallio (Healthy)
Kaapo Kahkonen (Healthy)
% Time on Ice - River Frogs
Lines # - Real PCT - Wanted PCT - Time Play
Normal Forward
1 - 36% - 40% - 16:15
2 - 28% - 30% - 12:36
3 - 23% - 20% - 10:18
4 - 14% - 10% - 6:17
Normal Defense
1 - 41% - 40% - 18:32
2 - 31% - 30% - 14:13
3 - 23% - 20% - 10:14
4 - 5% - 10% - 2:27
PP Forward
1 - 62% - 60% - 5:03
2 - 38% - 40% - 3:08
PP Defense
1 - 57% - 60% - 4:40
2 - 43% - 40% - 3:31
PK Forward
1 - 75% - 60% - 4:28
2 - 25% - 40% - 1:29
PK Defense
1 - 62% - 60% - 3:40
2 - 38% - 40% - 2:17
PK3 Forward
1 - 0% - 60%
2 - 0% - 40%
PK3 Defense
1 - 0% - 60%
2 - 0% - 40%
44 Forward
1 - 0% - 60%
2 - 0% - 40%
44 Defense
1 - 0% - 60%
2 - 0% - 40%
Last Minute Offensive - 0:00
Last Minute Defensive - 0:26
Total
Forward - 60:00
Defense - 60:00
|
% Time on Ice - Wolfes
Lines # - Real PCT - Wanted PCT - Time Play
Normal Forward
1 - 37% - 40% - 17:08
2 - 29% - 30% - 13:07
3 - 19% - 20% - 8:49
4 - 15% - 10% - 6:44
Normal Defense
1 - 38% - 40% - 17:17
2 - 28% - 30% - 12:59
3 - 20% - 20% - 9:14
4 - 14% - 10% - 6:18
PP Forward
1 - 55% - 60% - 3:16
2 - 45% - 40% - 2:41
PP Defense
1 - 49% - 60% - 2:56
2 - 51% - 40% - 3:01
PK Forward
1 - 80% - 60% - 6:31
2 - 20% - 40% - 1:40
PK Defense
1 - 58% - 60% - 4:47
2 - 42% - 40% - 3:24
PK3 Forward
1 - 0% - 60%
2 - 0% - 40%
PK3 Defense
1 - 0% - 60%
2 - 0% - 40%
44 Forward
1 - 0% - 60%
2 - 0% - 40%
44 Defense
1 - 0% - 60%
2 - 0% - 40%
Last Minute Offensive - 0:04
Last Minute Defensive - 0:00
Total
Forward - 60:00
Defense - 60:00
|
Play-by-Play
1st period
0:01 of 1st period - Christian Hanson wins face-off versus Martin Hanzal in neutral zone.
0:16 of 1st period - Snap shot by Blake Pietila.
0:16 of 1st period - Shot Hit the Post.
0:26 of 1st period - Shane Sims is hit by Sergei Plotnikov and loses puck.
1:15 of 1st period - Jacob Lagacé is hit by Richard Nejezchleb and loses puck.
1:30 of 1st period - Snap shot by Matt Calvert.
1:30 of 1st period - Goal by Matt Calvert - River Frogs : 1 - Wolfes : 0.
1:31 of 1st period - Martin Hanzal wins face-off versus Leon Draisaitl in neutral zone.
1:42 of 1st period - Snap shot by Benn Ferriero.
1:42 of 1st period - Shot Blocked by Anthony Bitetto.
1:48 of 1st period - Anthony Bitetto is hit by Benn Ferriero and loses puck.
2:03 of 1st period - Wrist shot by Kyle Rau.
2:03 of 1st period - Stopped by Thomas Greiss with a rebound.
2:11 of 1st period - Snap shot by Sergei Plotnikov.
2:11 of 1st period - Shot Misses the Net.
2:13 of 1st period - Wrist shot by Thomas Spelling.
2:13 of 1st period - Shot Blocked by Anthony Bitetto.
2:26 of 1st period - Off-side.
2:27 of 1st period - Jared Knight wins face-off versus Scott Timmins in neutral zone.
2:41 of 1st period - Snap shot by Scott Timmins.
2:41 of 1st period - Stopped by Thomas Greiss with a rebound.
2:43 of 1st period - Slapshot by Jamie Oleksiak.
2:43 of 1st period - Shot Blocked by Austin Watson.
2:45 of 1st period - Slapshot by Jamie Oleksiak.
2:45 of 1st period - Deflect By Barclay Goodrow.
2:45 of 1st period - Shot Misses the Net.
2:45 of 1st period - Puck is out of play.
2:46 of 1st period - Martin Hanzal wins face-off versus Christian Hanson in River Frogs zone.
2:55 of 1st period - Backhand shot by Benn Ferriero.
2:55 of 1st period - Stopped by Thomas Greiss without a rebound.
2:56 of 1st period - Martin Hanzal wins face-off versus Christian Hanson in River Frogs zone.
3:39 of 1st period - Backhand shot by Blake Pietila.
3:39 of 1st period - Stopped by Thomas Greiss without a rebound.
3:40 of 1st period - Leon Draisaitl wins face-off versus Kyle Rau in River Frogs zone.
3:47 of 1st period - Jamie Oleksiak is hit by Aaron Ness and loses puck.
4:25 of 1st period - Jamie Oleksiak is hit by Joakim Nordstrom and loses puck.
4:50 of 1st period - Wrist shot by Angelo Esposito.
4:50 of 1st period - Stopped by Thomas Greiss without a rebound.
4:51 of 1st period - Leon Draisaitl wins face-off versus Kyle Rau in River Frogs zone.
5:00 of 1st period - Snap shot by Justin Florek.
5:00 of 1st period - Stopped by Laurent Brossoit with a rebound.
5:02 of 1st period - Slapshot by Shane Sims.
5:02 of 1st period - Stopped by Laurent Brossoit without a rebound.
5:03 of 1st period - Leon Draisaitl wins face-off versus Thomas Spelling in Wolfes zone.
5:04 of 1st period - Snap shot by Justin Florek.
5:04 of 1st period - Shot Misses the Net.
5:18 of 1st period - Wrist shot by Kyle Rau.
5:18 of 1st period - Shot Misses the Net.
5:37 of 1st period - Anthony Bitetto is hit by Blake Pietila and loses puck.
6:59 of 1st period - Christian Hanson is hit by Zachary Sanford.
7:31 of 1st period - Joakim Nordstrom is hit by Sergei Plotnikov and loses puck.
7:38 of 1st period - Kyle Rau is hit by Anthony Bitetto and loses puck.
8:29 of 1st period - Slapshot by Ondrej Kase.
8:29 of 1st period - Shot Misses the Net.
8:51 of 1st period - Wrist shot by Martin Hanzal.
8:51 of 1st period - Shot Blocked by Austin Watson.
8:53 of 1st period - Slapshot by Jyrki Jokipakka.
8:53 of 1st period - Stopped by Thomas Greiss with a rebound.
9:15 of 1st period - Snap shot by Kyle Rau.
9:15 of 1st period - Stopped by Thomas Greiss without a rebound.
9:16 of 1st period - Christian Hanson wins face-off versus Kyle Rau in River Frogs zone.
10:06 of 1st period - Snap shot by Shane Sims.
10:06 of 1st period - Stopped by Laurent Brossoit without a rebound.
10:07 of 1st period - Christian Hanson wins face-off versus Martin Hanzal in Wolfes zone.
10:18 of 1st period - Slapshot by Blake Pietila.
10:18 of 1st period - Stopped by Thomas Greiss without a rebound.
10:19 of 1st period - Christian Hanson wins face-off versus Martin Hanzal in River Frogs zone.
10:33 of 1st period - Wrist shot by Martin Hanzal.
10:33 of 1st period - Stopped by Thomas Greiss without a rebound.
10:34 of 1st period - Kyle Rau wins face-off versus Leon Draisaitl in River Frogs zone.
10:59 of 1st period - Michael Stone is hit by Anthony Bitetto and loses puck.
11:06 of 1st period - Wrist shot by Emerson Etem.
11:06 of 1st period - Stopped by Laurent Brossoit without a rebound.
11:07 of 1st period - Christian Hanson wins face-off versus Zachary Sanford in Wolfes zone.
11:16 of 1st period - Wrist shot by Matt Calvert.
11:16 of 1st period - Shot Blocked by Scott Timmins.
11:18 of 1st period - Slapshot by David Kolomatis.
11:18 of 1st period - Stopped by Laurent Brossoit without a rebound.
11:19 of 1st period - Martin Hanzal wins face-off versus Christian Hanson in Wolfes zone.
11:28 of 1st period - Snap shot by Benn Ferriero.
11:28 of 1st period - Stopped by Thomas Greiss without a rebound.
11:29 of 1st period - Martin Hanzal wins face-off versus Matt Calvert in River Frogs zone.
11:38 of 1st period - Slapshot by Blake Pietila.
11:38 of 1st period - Goal by Blake Pietila - River Frogs : 1 - Wolfes : 1.
11:39 of 1st period - Leon Draisaitl wins face-off versus Kyle Rau in neutral zone.
11:48 of 1st period - Snap shot by Justin Florek.
11:48 of 1st period - Stopped by Laurent Brossoit with a rebound.
11:50 of 1st period - Slapshot by Anthony Bitetto.
11:50 of 1st period - Shot Misses the Net.
11:52 of 1st period - Snap shot by Leon Draisaitl.
11:52 of 1st period - Shot Misses the Net.
12:30 of 1st period - Slapshot by Scott Timmins.
12:30 of 1st period - Stopped by Thomas Greiss with a rebound.
12:32 of 1st period - Slapshot by Klas Dahlbeck.
12:32 of 1st period - Deflect By Scott Timmins.
12:32 of 1st period - Shot Misses the Net.
12:32 of 1st period - Puck is out of play.
12:33 of 1st period - Martin Hanzal wins face-off versus Leon Draisaitl in River Frogs zone.
13:06 of 1st period - Wrist shot by Matt Calvert.
13:06 of 1st period - Stopped by Laurent Brossoit without a rebound.
13:07 of 1st period - Jared Knight wins face-off versus Kyle Rau in Wolfes zone.
13:19 of 1st period - Slapshot by Shane Sims.
13:19 of 1st period - Shot Blocked by Kyle Rau.
13:21 of 1st period - Slapshot by Anthony Bitetto.
13:21 of 1st period - Shot Blocked by Kyle Rau.
13:23 of 1st period - Backhand shot by Shane Sims.
13:23 of 1st period - Stopped by Laurent Brossoit with a rebound.
13:52 of 1st period - Icing by Benn Ferriero.
13:53 of 1st period - Christian Hanson wins face-off versus Martin Hanzal in Wolfes zone.
14:04 of 1st period - Wrist shot by Matt Calvert.
14:04 of 1st period - Shot Misses the Net.
15:02 of 1st period - Minor Penalty to Thomas Spelling for Tripping.
15:03 of 1st period - Christian Hanson wins face-off versus Martin Hanzal in Wolfes zone.
15:13 of 1st period - Snap shot by Matt Calvert.
15:13 of 1st period - Goal by Matt Calvert - River Frogs : 2 - Wolfes : 1.
15:14 of 1st period - Kyle Rau wins face-off versus Christian Hanson in neutral zone.
15:17 of 1st period - Matt Calvert is hit by Kyle Rau and loses puck.
15:26 of 1st period - Slapshot by Anthony Bitetto.
15:26 of 1st period - Deflect By Christian Hanson.
15:26 of 1st period - Stopped by Laurent Brossoit with a rebound.
15:28 of 1st period - Slapshot by Anthony Bitetto.
15:28 of 1st period - Deflect By Michael Stone.
15:28 of 1st period - Goal by Anthony Bitetto - River Frogs : 3 - Wolfes : 1.
15:29 of 1st period - Christian Hanson wins face-off versus Zachary Sanford in neutral zone.
15:34 of 1st period - Slapshot by Anthony Bitetto.
15:34 of 1st period - Stopped by Laurent Brossoit with a rebound.
16:11 of 1st period - Kyle Rau is hit by James Livingstone and loses puck.
16:43 of 1st period - Snap shot by Shane Sims.
16:43 of 1st period - Shot Misses the Net.
16:47 of 1st period - Snap shot by Ryan Fitzgerald.
16:47 of 1st period - Stopped by Laurent Brossoit with a rebound.
16:49 of 1st period - Slapshot by Shane Sims.
16:49 of 1st period - Deflect By Jeffrey Foss.
16:49 of 1st period - Stopped by Laurent Brossoit without a rebound.
16:50 of 1st period - Scott Timmins wins face-off versus Christian Hanson in Wolfes zone.
17:42 of 1st period - Snap shot by Thomas Spelling.
17:42 of 1st period - Deflect By Kyle Rau.
17:42 of 1st period - Shot Misses the Net.
17:42 of 1st period - Puck is out of play.
17:43 of 1st period - Matt Calvert wins face-off versus Thomas Spelling in River Frogs zone.
18:08 of 1st period - Anton Lindholm is hit by Ondrej Kase and loses puck.
18:17 of 1st period - Shane Sims is hit by Thomas Spelling.
19:55 of 1st period - Snap shot by Scott Timmins.
19:55 of 1st period - Shot Misses the Net.
Goals for this period are 3 for River Frogs vs 1 for Wolfes.
Shots for this period are 15 for River Frogs vs 12 for Wolfes.
2nd period
0:01 of 2nd period - Martin Hanzal wins face-off versus Christian Hanson in neutral zone.
0:06 of 2nd period - Snap shot by Martin Hanzal.
0:06 of 2nd period - Stopped by Thomas Greiss without a rebound.
0:07 of 2nd period - Emerson Etem wins face-off versus Benn Ferriero in River Frogs zone.
0:36 of 2nd period - Snap shot by Leon Draisaitl.
0:36 of 2nd period - Stopped by Laurent Brossoit without a rebound.
0:37 of 2nd period - Leon Draisaitl wins face-off versus Kyle Rau in Wolfes zone.
0:40 of 2nd period - Snap shot by Leon Draisaitl.
0:40 of 2nd period - Stopped by Laurent Brossoit without a rebound.
0:41 of 2nd period - Martin Hanzal wins face-off versus Leon Draisaitl in Wolfes zone.
1:16 of 2nd period - Snap shot by Sergei Plotnikov.
1:16 of 2nd period - Stopped by Thomas Greiss without a rebound.
1:17 of 2nd period - James Livingstone wins face-off versus Martin Hanzal in River Frogs zone.
1:44 of 2nd period - Christian Hanson is hit by Klas Dahlbeck and loses puck.
2:00 of 2nd period - Icing by Shane Sims.
2:01 of 2nd period - Jared Knight wins face-off versus Kyle Rau in River Frogs zone.
2:14 of 2nd period - Snap shot by Jared Knight.
2:14 of 2nd period - Stopped by Laurent Brossoit without a rebound.
2:15 of 2nd period - Christian Hanson wins face-off versus Martin Hanzal in Wolfes zone.
2:36 of 2nd period - Minor Penalty to Michael Stone for Tripping.
2:37 of 2nd period - Christian Hanson wins face-off versus Blake Pietila in Wolfes zone.
2:38 of 2nd period - Snap shot by Matt Calvert.
2:38 of 2nd period - Goal by Matt Calvert - River Frogs : 4 - Wolfes : 1.
2:38 of 2nd period - Jeremy Smith enters game.
2:39 of 2nd period - Martin Hanzal wins face-off versus Christian Hanson in neutral zone.
2:50 of 2nd period - Wrist shot by Blake Pietila.
2:50 of 2nd period - Stopped by Thomas Greiss with a rebound.
2:55 of 2nd period - Off-side.
2:56 of 2nd period - Leon Draisaitl wins face-off versus Kyle Rau in neutral zone.
3:22 of 2nd period - Klas Dahlbeck is hit by Emerson Etem and loses puck.
4:05 of 2nd period - Slapshot by David Kolomatis.
4:05 of 2nd period - Stopped by Jeremy Smith with a rebound.
5:24 of 2nd period - Icing by Aaron Ness.
5:25 of 2nd period - Angelo Esposito wins face-off versus Ryan Fitzgerald in River Frogs zone.
5:32 of 2nd period - Slapshot by Jeffrey Foss.
5:32 of 2nd period - Stopped by Thomas Greiss with a rebound.
5:51 of 2nd period - Michael Stone is hit by Shane Sims and loses puck.
6:00 of 2nd period - Snap shot by Benn Ferriero.
6:00 of 2nd period - Stopped by Thomas Greiss with a rebound.
6:02 of 2nd period - Slapshot by Jeffrey Foss.
6:02 of 2nd period - Stopped by Thomas Greiss with a rebound.
6:18 of 2nd period - Wrist shot by Leon Draisaitl.
6:18 of 2nd period - Shot Misses the Net.
6:20 of 2nd period - Wrist shot by James Livingstone.
6:20 of 2nd period - Deflect By Leon Draisaitl.
6:20 of 2nd period - Shot Blocked by Jamie Oleksiak.
6:20 of 2nd period - Puck is out of play.
6:21 of 2nd period - Leon Draisaitl wins face-off versus Martin Hanzal in Wolfes zone.
6:48 of 2nd period - Sergei Plotnikov is hit by Emerson Etem.
7:12 of 2nd period - Ondrej Kase is hit by Angelo Esposito and loses puck.
7:31 of 2nd period - Zachary Sanford is hit by Ryan Fitzgerald and loses puck.
8:01 of 2nd period - Shane Sims is hit by Benn Ferriero.
9:38 of 2nd period - Sergei Plotnikov is hit by Christian Hanson and loses puck.
9:45 of 2nd period - Wrist shot by Emerson Etem.
9:45 of 2nd period - Shot Misses the Net.
9:47 of 2nd period - Snap shot by Matt Calvert.
9:47 of 2nd period - Shot Misses the Net.
9:49 of 2nd period - Slapshot by Emerson Etem.
9:49 of 2nd period - Shot Misses the Net.
10:01 of 2nd period - Wrist shot by Victor Olofsson.
10:01 of 2nd period - Deflect By Ondrej Kase.
10:01 of 2nd period - Shot Blocked by Anthony Bitetto.
10:01 of 2nd period - Puck is out of play.
10:02 of 2nd period - Jared Knight wins face-off versus Victor Olofsson in River Frogs zone.
10:32 of 2nd period - Snap shot by Jared Knight.
10:32 of 2nd period - Stopped by Jeremy Smith with a rebound.
10:34 of 2nd period - Slapshot by Shane Sims.
10:34 of 2nd period - Shot Blocked by Anton Lindholm.
10:36 of 2nd period - Snap shot by Austin Watson.
10:36 of 2nd period - Stopped by Jeremy Smith with a rebound.
10:38 of 2nd period - Snap shot by Austin Watson.
10:38 of 2nd period - Shot Blocked by Matt Grzelcyk.
10:38 of 2nd period - Matt Grzelcyk from Wolfes is injured at 10:38 of 2nd period (Strained Left Knee).
10:39 of 2nd period - Christian Hanson wins face-off versus Martin Hanzal in Wolfes zone.
10:42 of 2nd period - Wrist shot by Emerson Etem.
10:42 of 2nd period - Shot Misses the Net.
10:48 of 2nd period - Slapshot by Jeffrey Foss.
10:48 of 2nd period - Deflect By Matt Calvert.
10:48 of 2nd period - Stopped by Thomas Greiss without a rebound.
10:49 of 2nd period - Christian Hanson wins face-off versus Martin Hanzal in River Frogs zone.
11:06 of 2nd period - Snap shot by Blake Pietila.
11:06 of 2nd period - Stopped by Thomas Greiss with a rebound.
11:08 of 2nd period - Wrist shot by Martin Hanzal.
11:08 of 2nd period - Shot Misses the Net.
11:10 of 2nd period - Snap shot by Jeffrey Foss.
11:10 of 2nd period - Stopped by Thomas Greiss without a rebound.
11:11 of 2nd period - Kyle Rau wins face-off versus Leon Draisaitl in River Frogs zone.
11:12 of 2nd period - Snap shot by Thomas Spelling.
11:12 of 2nd period - Shot Misses the Net.
11:55 of 2nd period - Double Minor Penalty to Jeffrey Foss for Roughing.
11:56 of 2nd period - Christian Hanson wins face-off versus Martin Hanzal in Wolfes zone.
12:27 of 2nd period - Icing by James Livingstone.
12:28 of 2nd period - Leon Draisaitl wins face-off versus Martin Hanzal in River Frogs zone.
12:55 of 2nd period - Wrist shot by Shane Sims.
12:55 of 2nd period - Shot Misses the Net.
15:55 of 2nd period - Penalty to Jeffrey Foss is over, Jeffrey Foss is back on ice.
16:00 of 2nd period - Sergei Plotnikov is hit by Ondrej Kase and loses puck.
16:11 of 2nd period - Slapshot by Joe Morrow.
16:11 of 2nd period - Shot Misses the Net.
16:15 of 2nd period - Slapshot by Joe Morrow.
16:15 of 2nd period - Stopped by Thomas Greiss with a rebound.
16:17 of 2nd period - Wrist shot by Kyle Rau.
16:17 of 2nd period - Stopped by Thomas Greiss with a rebound.
16:19 of 2nd period - Wrist shot by Kyle Rau.
16:19 of 2nd period - Shot Misses the Net.
16:21 of 2nd period - Wrist shot by Jeffrey Foss.
16:21 of 2nd period - Stopped by Thomas Greiss with a rebound.
16:23 of 2nd period - Slapshot by Joe Morrow.
16:23 of 2nd period - Goal by Joe Morrow - River Frogs : 4 - Wolfes : 2.
16:24 of 2nd period - Leon Draisaitl wins face-off versus Martin Hanzal in neutral zone.
16:37 of 2nd period - Wrist shot by Martin Hanzal.
16:37 of 2nd period - Goal by Martin Hanzal - River Frogs : 4 - Wolfes : 3.
16:38 of 2nd period - Christian Hanson wins face-off versus Martin Hanzal in neutral zone.
16:54 of 2nd period - Snap shot by Benn Ferriero.
16:54 of 2nd period - Deflect By Martin Hanzal.
16:54 of 2nd period - Stopped by Thomas Greiss without a rebound.
16:55 of 2nd period - Leon Draisaitl wins face-off versus Kyle Rau in River Frogs zone.
17:05 of 2nd period - Wrist shot by Justin Florek.
17:05 of 2nd period - Stopped by Jeremy Smith without a rebound.
17:06 of 2nd period - Martin Hanzal wins face-off versus Christian Hanson in Wolfes zone.
17:06 of 2nd period - Martin Hanzal is hit by Emerson Etem.
17:15 of 2nd period - Minor Penalty to Anthony Bitetto for Roughing.
17:16 of 2nd period - Leon Draisaitl wins face-off versus Martin Hanzal in River Frogs zone.
18:35 of 2nd period - Slapshot by Shane Sims.
18:35 of 2nd period - Shot Misses the Net.
19:15 of 2nd period - Penalty to Anthony Bitetto is over, Anthony Bitetto is back on ice.
19:24 of 2nd period - Dillon Heatherington is hit by Barclay Goodrow.
19:32 of 2nd period - Snap shot by Zachary Sanford.
19:32 of 2nd period - Shot Misses the Net.
19:34 of 2nd period - Snap shot by Scott Timmins.
19:34 of 2nd period - Shot Misses the Net.
19:59 of 2nd period - Jacob Lagacé is hit by David Kolomatis.
Goals for this period are 1 for River Frogs vs 2 for Wolfes.
Shots for this period are 8 for River Frogs vs 15 for Wolfes.
3rd period
0:01 of 3rd period - Martin Hanzal wins face-off versus Christian Hanson in neutral zone.
0:28 of 3rd period - Icing by Sergei Plotnikov.
0:29 of 3rd period - Thomas Spelling wins face-off versus James Livingstone in Wolfes zone.
0:40 of 3rd period - James Livingstone is hit by Kyle Rau and loses puck.
0:53 of 3rd period - Aaron Ness is hit by Sergei Plotnikov and loses puck.
1:22 of 3rd period - Wrist shot by Thomas Spelling.
1:22 of 3rd period - Deflect By Sergei Plotnikov.
1:22 of 3rd period - Shot Misses the Net.
1:22 of 3rd period - Puck is out of play.
1:23 of 3rd period - Martin Hanzal wins face-off versus Christian Hanson in River Frogs zone.
1:49 of 3rd period - Jeffrey Foss is hit by Aaron Ness and loses puck.
2:16 of 3rd period - Snap shot by Victor Olofsson.
2:16 of 3rd period - Stopped by Thomas Greiss with a rebound.
4:10 of 3rd period - Snap shot by Kyle Rau.
4:10 of 3rd period - Stopped by Thomas Greiss without a rebound.
4:11 of 3rd period - Leon Draisaitl wins face-off versus Thomas Spelling in River Frogs zone.
4:38 of 3rd period - Shane Sims is hit by Jeffrey Foss and loses puck.
4:43 of 3rd period - Slapshot by Thomas Spelling.
4:43 of 3rd period - Stopped by Thomas Greiss with a rebound.
4:45 of 3rd period - Slapshot by Joe Morrow.
4:45 of 3rd period - Deflect By Thomas Spelling.
4:45 of 3rd period - Stopped by Thomas Greiss with a rebound.
4:54 of 3rd period - Minor Penalty to Justin Florek for Roughing.
4:55 of 3rd period - Christian Hanson wins face-off versus Martin Hanzal in River Frogs zone.
6:54 of 3rd period - Penalty to Justin Florek is over, Justin Florek is back on ice.
7:02 of 3rd period - Wrist shot by Joakim Nordstrom.
7:02 of 3rd period - Stopped by Jeremy Smith with a rebound.
7:04 of 3rd period - Slapshot by Shane Sims.
7:04 of 3rd period - Shot Misses the Net.
7:06 of 3rd period - Snap shot by Joakim Nordstrom.
7:06 of 3rd period - Deflect By Zachary Sanford.
7:06 of 3rd period - Stopped by Jeremy Smith without a rebound.
7:07 of 3rd period - Scott Timmins wins face-off versus Austin Watson in Wolfes zone.
7:16 of 3rd period - Slapshot by Jeffrey Foss.
7:16 of 3rd period - Deflect By Zachary Sanford.
7:16 of 3rd period - Stopped by Thomas Greiss with a rebound.
7:40 of 3rd period - Slapshot by Angelo Esposito.
7:40 of 3rd period - Deflect By Ryan Fitzgerald.
7:40 of 3rd period - Stopped by Thomas Greiss without a rebound.
7:41 of 3rd period - Martin Hanzal wins face-off versus Matt Calvert in River Frogs zone.
8:06 of 3rd period - Joe Morrow is hit by David Kolomatis and loses puck.
9:00 of 3rd period - Wrist shot by Scott Timmins.
9:00 of 3rd period - Stopped by Thomas Greiss with a rebound.
9:10 of 3rd period - Jyrki Jokipakka is hit by Joakim Nordstrom and loses puck.
9:19 of 3rd period - Slapshot by David Kolomatis.
9:19 of 3rd period - Stopped by Jeremy Smith with a rebound.
9:21 of 3rd period - Slapshot by Aaron Ness.
9:21 of 3rd period - Shot Misses the Net.
9:34 of 3rd period - Icing by David Kolomatis.
9:35 of 3rd period - Kyle Rau wins face-off versus Jared Knight in River Frogs zone.
9:36 of 3rd period - Snap shot by Sergei Plotnikov.
9:36 of 3rd period - Shot Misses the Net.
9:38 of 3rd period - Snap shot by Michael Stone.
9:38 of 3rd period - Shot Misses the Net.
9:40 of 3rd period - Wrist shot by Thomas Spelling.
9:40 of 3rd period - Stopped by Thomas Greiss with a rebound.
9:42 of 3rd period - Wrist shot by Michael Stone.
9:42 of 3rd period - Deflect By David Kolomatis.
9:42 of 3rd period - Stopped by Thomas Greiss without a rebound.
9:43 of 3rd period - Martin Hanzal wins face-off versus Christian Hanson in River Frogs zone.
9:48 of 3rd period - Backhand shot by Blake Pietila.
9:48 of 3rd period - Shot Misses the Net.
9:58 of 3rd period - Snap shot by Martin Hanzal.
9:58 of 3rd period - Stopped by Thomas Greiss with a rebound.
10:16 of 3rd period - Snap shot by Thomas Spelling.
10:16 of 3rd period - Stopped by Thomas Greiss without a rebound.
10:17 of 3rd period - Martin Hanzal wins face-off versus Christian Hanson in River Frogs zone.
10:21 of 3rd period - Minor Penalty to Aaron Ness for Roughing.
10:22 of 3rd period - Benn Ferriero wins face-off versus Christian Hanson in River Frogs zone.
10:36 of 3rd period - Wrist shot by Benn Ferriero.
10:36 of 3rd period - Deflect By Leon Draisaitl.
10:36 of 3rd period - Stopped by Thomas Greiss with a rebound.
11:04 of 3rd period - Slapshot by Michael Stone.
11:04 of 3rd period - Stopped by Thomas Greiss with a rebound.
11:26 of 3rd period - Christian Hanson is hit by Benn Ferriero and loses puck.
11:37 of 3rd period - Joe Morrow is hit by Anthony Bitetto and loses puck.
12:11 of 3rd period - Kyle Rau is hit by Christian Hanson and loses puck.
12:21 of 3rd period - Penalty to Aaron Ness is over, Aaron Ness is back on ice.
12:30 of 3rd period - Snap shot by Austin Watson.
12:30 of 3rd period - Stopped by Jeremy Smith without a rebound.
12:31 of 3rd period - Jared Knight wins face-off versus Scott Timmins in Wolfes zone.
13:41 of 3rd period - Aaron Ness is hit by Blake Pietila.
13:59 of 3rd period - Justin Florek is hit by Blake Pietila and loses puck.
14:20 of 3rd period - Backhand shot by Martin Hanzal.
14:20 of 3rd period - Stopped by Thomas Greiss with a rebound.
14:38 of 3rd period - Sergei Plotnikov is hit by Dillon Heatherington and loses puck.
14:39 of 3rd period - Sergei Plotnikov from Wolfes is injured at 14:39 of 3rd period (Right Hand).
14:40 of 3rd period - Christian Hanson wins face-off versus Martin Hanzal in Wolfes zone.
15:32 of 3rd period - Wrist shot by Leon Draisaitl.
15:32 of 3rd period - Shot Blocked by Jamie Oleksiak.
15:34 of 3rd period - Double Minor Penalty to Zachary Sanford for Roughing.
15:35 of 3rd period - Matt Calvert wins face-off versus Martin Hanzal in Wolfes zone.
16:10 of 3rd period - Wrist shot by Shane Sims.
16:10 of 3rd period - Shot Misses the Net.
16:47 of 3rd period - David Kolomatis is hit by Benn Ferriero and loses puck.
19:34 of 3rd period - Penalty to Zachary Sanford is over, Zachary Sanford is back on ice.
19:39 of 3rd period - Wrist shot by Christian Hanson.
19:39 of 3rd period - Shot Blocked by Zachary Sanford.
19:43 of 3rd period - Snap shot by Emerson Etem.
19:43 of 3rd period - Stopped by Jeremy Smith with a rebound.
19:47 of 3rd period - Snap shot by Emerson Etem.
19:47 of 3rd period - Shot Misses the Net.
19:49 of 3rd period - Snap shot by Anthony Bitetto.
19:49 of 3rd period - Stopped by Jeremy Smith with a rebound.
19:51 of 3rd period - Slapshot by Anthony Bitetto.
19:51 of 3rd period - Stopped by Jeremy Smith with a rebound.
19:53 of 3rd period - Wrist shot by Matt Calvert.
19:53 of 3rd period - Stopped by Jeremy Smith with a rebound.
19:55 of 3rd period - Slapshot by Matt Calvert.
19:55 of 3rd period - Stopped by Jeremy Smith without a rebound.
19:56 of 3rd period - Ron Wilson call a timeout for Wolfes.
19:56 of 3rd period - Christian Hanson wins face-off versus Martin Hanzal in Wolfes zone.
Goals for this period are 0 for River Frogs vs 0 for Wolfes.
Shots for this period are 9 for River Frogs vs 14 for Wolfes.
Back to the Top